[Event "Team 45 45 League T54"]
[Site "Internet Chess Club"]
[Date "2012.08.18"]
[Round "1"]
[White "eurander"]
[Black "Burning-Bush"]
[Result "1-0"]
[WhiteElo "2136"]
[BlackElo "2013"]
[Opening "Sicilian: Alapin's variation (2.c3)"]
[ECO "B22"]
[Time "19:12:35"]
[TimeControl "2700+45"]

1. e4 c5 2. c3 Nf6 3. e5 Nd5 4. d4 cxd4 5. cxd4 d6 6. Nf3 Nc6 7. Bc4 Nb6 8. Bb5
dxe5 9. Nxe5 Bd7 10. Nxd7 Qxd7 11. Nc3 e6 12. Qg4 a6 13. Bxc6 Qxc6 14. O-O h5
15. Qg5 Rd8 16. Be3 Rh6 17. Qh4 Be7 18. Qh3 Rg6 19. Rac1 Nd5 20. Qf3 Nb4 21. Ne4
Qd5 22. Rc7 f5 23. Qxh5 Qxe4 24. Qxg6+ Kf8 25. Rxe7 Kxe7 26. Bg5+ {Black
resigns} 1-0

[Event "Team 45 45 League T54"]
[Site "Internet Chess Club"]
[Date "2012.08.19"]
[Round "1"]
[White "boknoy"]
[Black "Justi"]
[Result "1-0"]
[WhiteElo "1978"]
[BlackElo "2108"]
[Opening "King's Indian: fianchetto, lesser Simagin (Spassky) variation"]
[ECO "E62"]
[Time "21:00:19"]
[TimeControl "2700+45"]

1. d4 Nf6 2. Nf3 g6 3. c4 Bg7 4. g3 O-O 5. Bg2 d6 6. O-O Nc6 7. Nc3 Bf5 8. b3
Ne4 9. Bb2 Nxc3 10. Bxc3 Be4 11. Qd2 d5 12. Rfd1 e6 13. Rac1 Qf6 14. Qb2 Rfd8
15. cxd5 exd5 16. b4 Ne7 17. Bd2 c6 18. Bg5 Qe6 19. Bxe7 Qxe7 20. a4 a5 21. b5
c5 22. Qa3 Rac8 23. Bh3 Rc7 24. dxc5 Bf8 25. Nd2 Rxc5 26. Qxc5 Qxc5 27. Rxc5
Bxc5 28. Nxe4 Bb6 29. Rxd5 {Black resigns} 1-0

[Event "Team 45 45 League T54"]
[Site "Internet Chess Club"]
[Date "2012.08.19"]
[Round "1"]
[White "chiiwen"]
[Black "hidemitsu"]
[Result "1-0"]
[WhiteElo "2208"]
[BlackElo "2256"]
[Opening "Petrov: Nimzovich attack"]
[ECO "C42"]
[Time "15:17:37"]
[TimeControl "2700+45"]

1. e4 e5 2. Nf3 Nf6 3. Nxe5 d6 4. Nf3 Nxe4 5. Nc3 Nxc3 6. dxc3 Be7 7. Bf4 O-O 8.
Qd2 Nd7 9. O-O-O Nc5 10. Nd4 Ne6 11. Be3 c6 12. Nf5 d5 13. c4 d4 14. Nxd4 Nxd4
15. Bxd4 Bf5 16. Be2 Bf6 17. g4 Be4 18. f3 Bg6 19. Bxf6 Qxf6 20. g5 Qf5 21. f4
Rad8 22. Bd3 Qh3 23. f5 Bh5 24. Rde1 Rfe8 25. Rxe8+ Rxe8 26. Re1 Rd8 27. Bf1
{Black resigns} 1-0

[Event "Team 45 45 League T54"]
[Site "Internet Chess Club"]
[Date "2012.08.17"]
[Round "1"]
[White "helloall"]
[Black "MassCarnage"]
[Result "1-0"]
[WhiteElo "2214"]
[BlackElo "2061"]
[Opening "Polish defense"]
[ECO "A40"]
[Time "13:01:08"]
[TimeControl "2700+45"]

1. d4 b5 2. Bf4 Bb7 3. e3 a6 4. Nf3 Nf6 5. a4 b4 6. Nbd2 e6 7. Bd3 d6 8. h3 Nbd7
9. O-O h6 10. c4 g5 11. Bg3 g4 12. hxg4 Nxg4 13. Qc2 h5 14. Be4 Bxe4 15. Qxe4
Rb8 16. Rac1 Be7 17. Nb3 Ndf6 18. Qc6+ Kf8 19. c5 h4 20. cxd6 hxg3 21. dxc7 Qc8
22. cxb8=Q Qxb8 23. Qc8+ Kg7 24. Qxb8 Rxb8 25. fxg3 Bd6 26. Ne5 Nxe5 27. dxe5
Bxe5 28. Nd4 Rh8 29. Rc5 Nd5 30. Kf2 Rh6 31. Rxd5 Rf6+ 32. Ke2 exd5 33. Rxf6
Kxf6 34. Kf3 b3 35. Ke2 Kg6 36. Nxb3 Bxb2 37. Kd3 Be5 38. Nc5 a5 39. Nb3 Bc7 40.
Kd4 Bb6+ 41. Kxd5 Bxe3 42. Nxa5 Kg5 43. Nc4 Ba7 44. a5 Kg4 45. Kc6 Kxg3 46. Kb7
Bd4 47. a6 Kxg2 48. Nb6 f5 49. a7 f4 50. a8=Q f3 51. Qg8+ Kh1 52. Qd5 Kg2 53.
Nc4 Bc3 54. Ne3+ Kg3 55. Qg5+ Kh2 56. Qh4+ Kg1 57. Qg3+ {Black resigns} 1-0

[Event "Team 45 45 League T54"]
[Site "Internet Chess Club"]
[Date "2012.08.18"]
[Round "1"]
[White "MassDestroyer"]
[Black "parpin"]
[Result "1/2-1/2"]
[WhiteElo "1760"]
[BlackElo "1756"]
[Opening "Caro-Kann: advance variation"]
[ECO "B12"]
[Time "11:22:18"]
[TimeControl "2700+45"]

1. e4 c6 2. d4 d5 3. e5 c5 4. dxc5 e6 5. Bb5+ Bd7 6. Bxd7+ Nxd7 7. Nf3 Bxc5 8.
O-O Ne7 9. c3 Ng6 10. Qe2 Qc7 11. Re1 O-O 12. g3 a5 13. a4 Rae8 14. Na3 Bxa3 15.
Rxa3 Qc4 16. Qe3 Rc8 17. h4 Nc5 {Game drawn by mutual agreement} 1/2-1/2

[Event "Team 45 45 League T54"]
[Site "Internet Chess Club"]
[Date "2012.08.19"]
[Round "1"]
[White "Morovon23"]
[Black "MaartenKoning"]
[Result "1/2-1/2"]
[WhiteElo "2349"]
[BlackElo "2263"]
[Opening "Queen's pawn game, Krause variation"]
[ECO "D02"]
[Time "14:10:35"]
[TimeControl "2700+45"]

1. d4 d5 2. Nf3 c5 3. dxc5 e6 4. e4 Bxc5 5. exd5 exd5 6. Bb5+ Nc6 7. O-O Nf6 8.
Nc3 O-O 9. Bg5 Be6 10. Qd2 h6 11. Bh4 Be7 12. Rfe1 a6 13. Ba4 Qb6 14. Bxc6 bxc6
15. Nd4 Rfe8 16. Na4 Qc7 17. Bg3 Bd6 18. Nc5 Bxg3 19. hxg3 Bd7 20. c3 Qb6 21. b4
a5 22. Nxd7 Nxd7 23. bxa5 Qxa5 24. Nxc6 Qc5 25. Nd4 Rxe1+ 26. Rxe1 Qc4 27. Re2
Nf6 28. f3 Rc8 29. Re3 Ra8 30. Re2 Rc8 31. Re3 {Game drawn by mutual agreement}
1/2-1/2

[Event "Team 45 45 League T54"]
[Site "Internet Chess Club"]
[Date "2012.08.19"]
[Round "1"]
[White "universe"]
[Black "MikeA"]
[Result "0-1"]
[WhiteElo "2156"]
[BlackElo "2242"]
[Opening "Pirc defense"]
[ECO "B07"]
[Time "20:16:01"]
[TimeControl "2700+45"]

1. e4 d6 2. d4 Nf6 3. Nc3 g6 4. Be3 Bg7 5. Qd2 O-O 6. f3 Nbd7 7. O-O-O c6 8. g4
b5 9. h4 b4 10. Nce2 Qa5 11. Kb1 c5 12. h5 Nb6 13. Ng3 Be6 14. d5 Nfxd5 15. exd5
Nxd5 16. Qxd5 Bxd5 17. Rxd5 Bxb2 18. hxg6 hxg6 19. Rd1 Bd4 20. Bxd4 cxd4 21.
N1e2 e5 22. Ne4 d5 23. Nf6+ Kg7 24. g5 Rh8 25. Bh3 Rab8 26. Nc1 e4 27. Nb3 Qc7
28. fxe4 dxe4 29. Nxe4 Qe5 30. Bg2 Rxh1 31. Rxh1 Rc8 32. Rf1 a5 33. Nc1 a4 34.
Rf2 a3 35. Rd2 Re8 36. Nd3 Qe6 37. Ndf2 Rh8 38. Rd3 Rh2 39. Bf3 Qb6 40. Ng4 Rh3
41. Ngf2 Rh8 42. Rd2 Rh4 43. Rd3 Qd8 44. Rb3 Qb8 45. Rd3 Qf4 46. Bd1 Qf5 47.
Rxd4 Rf4 48. Rxb4 Rxf2 49. Nxf2 Qxf2 50. Rb3 Qd2 51. Rd3 Qb4+ 52. Kc1 Qb2+ 53.
Kd2 Qxa2 54. Bf3 Qb2 55. Bd5 a2 56. Bxa2 Qxa2 57. Rg3 Qa5+ 58. Ke2 Qc7 {White
resigns} 0-1

[Event "Team 45 45 League T54"]
[Site "Internet Chess Club"]
[Date "2012.08.19"]
[Round "1"]
[White "StephenHawking"]
[Black "Campagnolo"]
[Result "1-0"]
[WhiteElo "2187"]
[BlackElo "2061"]
[Opening "QGD Slav defense: exchange variation"]
[ECO "D10"]
[Time "21:01:36"]
[TimeControl "2700+45"]

1. d4 d5 2. c4 c6 3. cxd5 cxd5 4. Nc3 Nf6 5. Bf4 Nc6 6. e3 Bg4 7. Nf3 a6 8. Bd3
e6 9. O-O Bd6 10. Bxd6 Qxd6 11. h3 Bh5 12. Rc1 O-O 13. a3 b5 14. b4 Rfc8 15. Be2
Bg6 16. Nh4 Rc7 17. Nxg6 hxg6 18. Bxb5 Nxb4 19. Be2 Nc6 20. Qa4 Qd8 21. Na2 Qc8
22. Bd3 Raa7 23. Rc2 Nb8 24. Rfc1 Ne8 25. Nb4 a5 26. Rxc7 Nxc7 27. Nc6 Nxc6 28.
Qxc6 Qa8 29. Qd7 Qb8 30. Qd6 Rb7 31. Rc5 a4 32. Bc2 Nb5 33. Qxb8+ Rxb8 34. Bxa4
Nxa3 35. Rc7 Nc4 36. g3 Nd6 37. Kg2 Rb2 38. Rc6 Ne4 39. Bc2 Nd2 40. Rc8+ Kh7 41.
Bd3 Rb3 42. Be2 Rb2 43. Bd3 Rb3 44. Bc2 Rb2 45. Rc3 Kg8 46. Bd3 Kf8 47. h4 Ke7
48. Rc7+ Kf6 49. g4 e5 50. Rc6+ Ke7 51. dxe5 Rb4 52. Rc2 Nc4 53. Bxc4 dxc4 54.
f4 Kd7 55. Kf3 Kc6 56. h5 gxh5 57. gxh5 Rb8 58. Rxc4+ {Black resigns} 1-0

[Event "Team 45 45 League T54"]
[Site "Internet Chess Club"]
[Date "2012.08.15"]
[Round "1"]
[White "TerryMalloy"]
[Black "SanchoPanzaGuy"]
[Result "0-1"]
[WhiteElo "2063"]
[BlackElo "2203"]
[Opening "Sicilian: Najdorf, 6.Bg5"]
[ECO "B94"]
[Time "19:32:42"]
[TimeControl "2700+45"]

1. e4 c5 2. Nf3 d6 3. d4 cxd4 4. Nxd4 Nf6 5. Nc3 a6 6. Bg5 Nbd7 7. Qe2 Qa5 8.
Bd2 Qc7 9. Bg5 e6 10. g4 b5 11. a3 Bb7 12. Bg2 Ne5 13. h3 Nc4 14. O-O-O Be7 15.
f4 Rc8 16. h4 Nxa3 17. Rh3 Nc4 18. h5 h6 19. Bh4 b4 20. Nb1 a5 21. b3 Nb6 22. g5
hxg5 23. Bxg5 Qc5 24. h6 gxh6 25. Bxf6 Bxf6 26. Rh5 d5 27. e5 Be7 28. f5 Bg5+
29. Kb2 a4 30. fxe6 axb3 31. exf7+ Kxf7 32. Qg4 Na4+ 33. Ka1 b2+ 34. Ka2 Qc4+
{White resigns} 0-1

[Event "Team 45 45 League T54"]
[Site "Internet Chess Club"]
[Date "2012.08.15"]
[Round "1"]
[White "Ayyad-H"]
[Black "chess9793"]
[Result "0-1"]
[WhiteElo "2149"]
[BlackElo "2201"]
[Opening "Sicilian: accelerated fianchetto, exchange variation"]
[ECO "B34"]
[Time "23:01:30"]
[TimeControl "2700+45"]

1. e4 c5 2. Nf3 Nc6 3. d4 cxd4 4. Nxd4 g6 5. Nxc6 bxc6 6. Qd4 Nf6 7. e5 Nd5 8.
c4 Nb4 9. Qc3 c5 10. Be3 Qc7 11. a3 Nc6 12. e6 f6 13. h4 d6 14. h5 Rg8 15. hxg6
hxg6 16. b4 cxb4 17. axb4 Bxe6 18. b5 Ne5 19. b6 Qb7 20. bxa7 Bg7 21. f3 Nc6 22.
Rh7 Kf7 23. Bd3 Rh8 24. Rxh8 Bxh8 25. Ra4 f5 26. Qa3 Ne5 27. Nd2 Bd7 28. Ra5 Qc7
29. Be2 Nc6 30. Ra6 Qb7 31. Kf2 Nd4 32. Bd3 Nc6 33. c5 d5 34. Bb5 Qxb5 35. Rb6
Rxa7 36. Qc1 Qa4 37. Qh1 Bg7 38. Qh7 f4 {White resigns} 0-1

[Event "Team 45 45 League T54"]
[Site "Internet Chess Club"]
[Date "2012.08.17"]
[Round "1"]
[White "Cryptochess"]
[Black "Chesspyrate"]
[Result "1-0"]
[WhiteElo "2089"]
[BlackElo "2067"]
[Opening "Philidor: Improved Hanham variation"]
[ECO "B07"]
[Time "19:18:03"]
[TimeControl "2700+45"]

1. e4 d6 2. d4 Nf6 3. Nc3 e5 4. Nf3 Nbd7 5. Bc4 Be7 6. Bxf7+ Kxf7 7. Ng5+ Kg8 8.
Ne6 Qe8 9. Nxc7 Qg6 10. Nxa8 Qxg2 11. Rf1 Ng4 12. Qd3 Nxh2 13. Qc4+ d5 14. Nxd5
Qxf1+ 15. Qxf1 Nxf1 16. Nxe7+ Kf7 17. Nxc8 Rxc8 18. Kxf1 Rxa8 19. d5 Rc8 20. c3
Kf6 21. Be3 b6 22. Ke2 g5 23. a4 a6 24. Kd3 h5 25. c4 a5 26. f3 h4 27. Kc3 Rg8
28. Rg1 Nc5 29. b4 axb4+ 30. Kxb4 g4 31. a5 g3 32. axb6 h3 33. Kxc5 g2 34. b7
Rb8 35. Rxg2 hxg2 36. Kb6 {Black resigns} 1-0

[Event "Team 45 45 League T54"]
[Site "Internet Chess Club"]
[Date "2012.08.17"]
[Round "1"]
[White "JustinSane"]
[Black "Legal"]
[Result "0-1"]
[WhiteElo "2028"]
[BlackElo "2017"]
[Opening "Queen's pawn: London system"]
[ECO "A45"]
[Time "12:07:28"]
[TimeControl "2700+45"]

1. d4 Nf6 2. Bf4 g6 3. e3 Bg7 4. c3 Nh5 5. Bg5 Nf6 6. Nd2 d5 7. h3 c6 8. Ngf3
Nbd7 9. Bd3 Qb6 10. Qb3 O-O 11. O-O Re8 12. Bf4 Qxb3 13. axb3 c5 14. Bb5 cxd4
15. exd4 Nh5 16. Bh2 a6 17. c4 Nhf6 18. Ne5 Rd8 19. c5 Nxe5 20. Bxe5 Bf5 21. Be2
Bh6 22. Nf3 Nd7 23. Bh2 Bg7 24. b4 Nf8 25. Rfd1 Ne6 26. Be5 Bxe5 27. Nxe5 f6 28.
Nf3 Nf4 29. Bf1 Be4 30. Ra3 h5 31. Rda1 Rab8 32. b5 axb5 33. Bxb5 Ne6 34. Rd1
Ra8 35. Rxa8 Rxa8 36. Nd2 Bc2 37. Re1 Nxd4 38. Rxe7 Nxb5 39. Rxb7 Nd4 40. b4
Ra1+ 41. Kh2 Ba4 42. Nf3 Nxf3+ 43. gxf3 Rb1 44. Rb6 Kf7 45. c6 Bxc6 46. Rxc6
Rxb4 47. Rd6 Rb5 48. Kg3 Ke7 49. Ra6 Rb7 50. Kf4 Rd7 51. Ke3 Rd6 52. Ra7+ Ke6
53. Kd4 Kf5 54. Rg7 Re6 {White resigns} 0-1

[Event "Team 45 45 League T54"]
[Site "Internet Chess Club"]
[Date "2012.08.18"]
[Round "1"]
[White "justice02"]
[Black "cBishop"]
[Result "1-0"]
[WhiteElo "1670"]
[BlackElo "1608"]
[Opening "English opening"]
[ECO "A22"]
[Time "11:00:07"]
[TimeControl "2700+45"]

1. c4 e5 2. Nc3 Nf6 3. d3 d5 4. Bg5 dxc4 5. Qa4+ Nc6 6. Nf3 Bd6 7. Qxc4 Be6 8.
Qa4 O-O 9. a3 Qe7 10. Ne4 Kh8 11. Nxd6 cxd6 12. e3 h6 13. h4 Kg8 14. Bxf6 Qxf6
15. Be2 Rfc8 16. O-O Qe7 17. Rfc1 a6 18. g3 Bf5 19. Rc3 d5 20. Rac1 Rd8 21. Qd1
Bg4 22. Nxe5 Nxe5 23. Bxg4 Nxg4 24. Qxg4 Rd7 25. Rc8+ Rxc8 26. Rxc8+ Kh7 27.
Qf5+ g6 28. Qf4 Rd6 29. Qd4 Rd8 30. Rxd8 Qxd8 31. e4 Qc7 32. Qxd5 Kg7 33. Kg2
{Black resigns} 1-0

[Event "Team 45 45 League T54"]
[Site "Internet Chess Club"]
[Date "2012.08.20"]
[Round "1"]
[White "cepheid"]
[Black "RD1974"]
[Result "1-0"]
[WhiteElo "1645"]
[BlackElo "1659"]
[Opening "Scandinavian: Pytel-Wade variation"]
[ECO "B01"]
[Time "18:01:38"]
[TimeControl "2700+45"]

1. e4 d5 2. exd5 Qxd5 3. Nc3 Qd6 4. d4 Nf6 5. Nf3 c6 6. Ne5 Nbd7 7. Nc4 Qc7 8.
Bd3 Nb6 9. h3 Nxc4 10. Bxc4 Bf5 11. Be3 e6 12. Bd3 Bxd3 13. Qxd3 Bb4 14. O-O h6
15. a3 Bd6 16. Ne4 Be7 17. Rfd1 O-O 18. Nxf6+ Bxf6 19. Qe4 Rfd8 20. c3 Qe7 21.
Qg4 Kh7 22. Qe4+ g6 23. Qf4 Bg7 24. Re1 Rd7 25. Qe4 Rad8 26. Bf4 Rd5 27. Rac1 c5
28. dxc5 Qxc5 29. Be3 Qa5 30. Qc2 b5 31. Red1 a6 32. Rxd5 Rxd5 33. Rd1 Qd8 34.
Rxd5 Qxd5 35. Qd2 Qxd2 36. Bxd2 h5 37. f3 e5 38. Kf2 f5 39. Be3 Bf8 40. Bb6 Kg8
41. Ke2 Kf7 42. Kd3 Ke6 43. c4 bxc4+ 44. Kxc4 e4 45. fxe4 fxe4 46. Kd4 Kf5 47.
Ke3 Bh6+ 48. Ke2 Bg7 49. b4 Bb2 50. a4 Bc3 51. b5 axb5 52. axb5 Ke5 53. Bc7+ Kd5
54. b6 Ba5 55. Ke3 Kc6 56. Kxe4 Bc3 57. Kf4 Bd2+ 58. Ke4 Bc3 59. Kf3 Bd2 60. Ke2
Bb4 61. Kd3 Ba5 62. Kd4 Bd2 63. Ke5 Bc3+ 64. Ke6 Bd4 65. Kf7 g5 66. Kg6 g4 67.
h4 g3 68. Kxh5 Bf6 69. Kg4 Bd4 70. Kxg3 Bxb6 71. Bxb6 Kxb6 72. h5 {Black
resigns} 1-0

[Event "Team 45 45 League T54"]
[Site "Internet Chess Club"]
[Date "2012.08.20"]
[Round "1"]
[White "Gilguli"]
[Black "palm47"]
[Result "1-0"]
[WhiteElo "1468"]
[BlackElo "1444"]
[Opening "King's pawn opening"]
[ECO "B07"]
[Time "13:13:55"]
[TimeControl "2700+45"]

1. e4 d6 2. Nc3 Nf6 3. Nf3 g6 4. Bc4 Bg7 5. d3 O-O 6. Be3 c6 7. Qd2 b5 8. Bb3 a5
9. a3 a4 10. Ba2 Nbd7 11. Bh6 e6 12. Bxg7 Kxg7 13. Ng5 h6 14. Nf3 Qb6 15. h3 Ne5
16. Nxe5 dxe5 17. f4 exf4 18. Qxf4 b4 19. axb4 Qxb4 20. Bb3 Bb7 21. O-O axb3 22.
Qxf6+ Kg8 23. Rxa8 Bxa8 24. cxb3 Qxb3 25. Rf2 Qb6 26. Nd1 Qb3 27. Qf3 c5 28. Nc3
c4 29. dxc4 Qxc4 30. Qe3 Kg7 31. Rd2 Qa6 32. Qd4+ Kg8 33. e5 Qa1+ 34. Kh2 Qa6
35. Rd3 Qb7 36. Rd2 Qa6 37. Na4 Bd5 38. Nc5 Qb5 39. b4 Rb8 40. Rb2 Ra8 41. Qd3
Bc4 42. Qd7 Qxd7 43. Nxd7 Bb5 44. Nf6+ Kf8 45. Rd2 Ke7 46. Kg3 Rc8 47. Ra2 Rc3+
48. Kh2 Rc7 49. Ng8+ Kd7 50. Nxh6 Ke7 51. Ng8+ Kd7 52. Nf6+ Ke7 53. Ra5 Rb7 54.
Ne4 Bc6 55. Nd6 Rc7 56. Ra7 Rxa7 57. Nc8+ Kd7 58. Nxa7 Kc7 59. Nxc6 Kxc6 60. Kg3
Kb5 61. Kf4 Kxb4 62. Kg5 Kc5 63. Kf6 Kd5 64. g4 g5 65. Kxg5 Kxe5 66. h4 {Black
resigns} 1-0

[Event "Team 45 45 League T54"]
[Site "Internet Chess Club"]
[Date "2012.08.21"]
[Round "1"]
[White "LazyPeon"]
[Black "RedAttack"]
[Result "0-1"]
[WhiteElo "1702"]
[BlackElo "1849"]
[Opening "QGD Slav accepted: Alapin variation"]
[ECO "D16"]
[Time "16:00:13"]
[TimeControl "2700+45"]

1. d4 c6 2. c4 d5 3. Nf3 Nf6 4. Nc3 dxc4 5. a4 Be6 6. e4 g6 7. Ne5 Bg7 8. Nxc4
O-O 9. Be2 b5 10. axb5 cxb5 11. Nxb5 Nxe4 12. O-O Nc6 13. Be3 a6 14. Nc3 Nf6 15.
Qd2 Nb4 16. Ne5 a5 17. Bf3 Rc8 18. Rfc1 Ne8 19. Ne4 Rxc1+ 20. Rxc1 Nd6 21. Nc5
Bd5 22. Bxd5 Nxd5 23. Nc6 Qc7 24. Nxa5 Ra8 25. Nc4 Nf5 26. Ne5 Bxe5 27. dxe5
Qxe5 28. Rd1 Ndxe3 29. Nd7 Nc4 30. Qc2 Qf4 31. g3 Qg4 32. h3 Qf3 33. Re1 Ncd6
34. Ne5 Qd5 {White resigns} 0-1

[Event "Team 45 45 League T54"]
[Site "Internet Chess Club"]
[Date "2012.08.16"]
[Round "1"]
[White "calily"]
[Black "Buford-Julep"]
[Result "1/2-1/2"]
[WhiteElo "1671"]
[BlackElo "1592"]
[Opening "Sicilian: closed"]
[ECO "B25"]
[Time "11:31:00"]
[TimeControl "2700+45"]

1. e4 c5 2. Nc3 g6 3. g3 Nc6 4. Bg2 Bg7 5. d3 d6 6. Nge2 Nf6 7. O-O O-O 8. Rb1
Bd7 9. Nf4 Rb8 10. b3 b5 11. Bb2 Bg4 12. f3 Bd7 13. Ncd5 Nxd5 14. Nxd5 Nd4 15.
c3 Nc6 16. Qd2 e6 17. Ne3 Qa5 18. a3 Rfd8 19. b4 Qb6 20. bxc5 dxc5 21. c4 Bxb2
22. Rxb2 b4 23. axb4 cxb4 24. Kh1 h5 25. f4 Nd4 26. f5 Bc6 27. g4 b3 28. gxh5
gxf5 29. exf5 Bxg2+ 30. Qxg2+ Kh8 31. Qe4 Qc6 32. Qxc6 Nxc6 33. fxe6 fxe6 34.
Rf6 Rxd3 35. Rxe6 Rg8 36. Rxc6 Rxe3 37. Rg6 Rc8 38. Rg3 Re1+ 39. Kg2 Rxc4 40.
Rgxb3 Re5 41. Rb8+ Kh7 42. R2b7+ Kh6 43. Rh8+ Kg5 44. Rg7+ Kh4 45. Rf8 Rxh5 46.
Rxa7 Rc2+ 47. Kf3 Kh3 48. Rg8 Kxh2 49. Ra1 Rh3+ 50. Kf4 Rf2+ 51. Ke4 Re2+ 52.
Kd4 Rd2+ 53. Ke4 {Game drawn by mutual agreement} 1/2-1/2

[Event "Team 45 45 League T54"]
[Site "Internet Chess Club"]
[Date "2012.08.16"]
[Round "1"]
[White "losscause"]
[Black "isolani"]
[Result "1/2-1/2"]
[WhiteElo "1620"]
[BlackElo "1650"]
[Opening "Réti: old Indian attack"]
[ECO "A00"]
[Time "21:01:17"]
[TimeControl "2700+45"]

1. d3 d5 2. Nf3 c5 3. g3 Nc6 4. Bg2 e5 5. O-O Be7 6. e4 d4 7. c3 Nf6 8. Qc2 O-O
9. Na3 Be6 10. Ng5 Bd7 11. Nf3 Be6 12. Ng5 Bc8 13. Nf3 Nd7 14. Bd2 Re8 15. cxd4
cxd4 16. Nc4 Bf8 17. a3 h6 18. b4 b5 19. Nd6 Bxd6 20. Qxc6 Nb6 21. Qxb5 Bd7 22.
Qa6 Bc8 23. Qa5 Bc7 24. Qc5 Na4 25. Qc2 Bd7 26. Rfc1 Rc8 27. Qb3 a6 28. Rc4 Nb6
29. Rc5 Na4 30. Rc4 Nb6 31. Rc5 Na4 32. Rc4 {Game drawn by repetition} 1/2-1/2

[Event "Team 45 45 League T54"]
[Site "Internet Chess Club"]
[Date "2012.08.20"]
[Round "1"]
[White "otherook"]
[Black "almond123"]
[Result "0-1"]
[WhiteElo "1762"]
[BlackElo "1416"]
[Opening "English, 1...Nf6 (Anglo-Indian defense)"]
[ECO "A15"]
[Time "19:08:56"]
[TimeControl "2700+45"]

1. c4 Nf6 2. g3 g6 3. Bg2 Bg7 4. Nf3 Nc6 5. Nc3 d5 6. cxd5 Nxd5 7. O-O Nxc3 8.
bxc3 O-O 9. d4 Bf5 10. Nh4 Bd7 11. Rb1 Rb8 12. Qd3 a6 13. e4 e6 14. Ba3 Re8 15.
e5 Na5 16. c4 b5 17. c5 b4 18. c6 Nxc6 19. Rfc1 Nxe5 20. dxe5 bxa3 21. Qxa6 Rxb1
22. Rxb1 Qe7 23. Nf3 Qc5 24. h4 Bc6 25. Qe2 Bxf3 {White resigns} 0-1

[Event "Team 45 45 League T54"]
[Site "Internet Chess Club"]
[Date "2012.08.25"]
[Round "1"]
[White "lionking819"]
[Black "crazyhorses"]
[Result "0-1"]
[WhiteElo "1449"]
[BlackElo "1446"]
[Opening "Sicilian: dragon, classical attack"]
[ECO "B73"]
[Time "12:00:43"]
[TimeControl "2700+45"]

1. e4 c5 2. Nf3 d6 3. d4 cxd4 4. Nxd4 Nf6 5. Nc3 g6 6. Be2 Bg7 7. Be3 O-O 8. O-O
Nc6 9. f3 Bd7 10. f4 Rc8 11. f5 Qb6 12. Qd2 Nxe4 13. Nxe4 Bxd4 14. Bxd4 Qxd4+
15. Qxd4 Nxd4 16. Bd3 Bxf5 17. c3 Nc6 18. Nf2 Bxd3 19. Nxd3 e5 20. Rfe1 f5 21.
Rad1 Rcd8 22. g3 Rfe8 23. h4 b6 24. b3 d5 25. b4 b5 26. a3 d4 27. cxd4 Rxd4 28.
Nc5 Rxd1 29. Rxd1 Rd8 30. Rc1 Nd4 31. Kf2 h6 32. Na6 Ne6 33. Rc6 Kf7 34. Nc5
Nxc5 35. Rxc5 Ke6 36. Rxb5 g5 37. hxg5 hxg5 38. Ra5 Rd7 39. Ra6+ Kd5 40. b5 Kd4
41. Rf6 Ke4 42. a4 Rb7 43. Rc6 f4 44. gxf4 gxf4 45. Rc2 Kd3 46. Rc6 Kd4 47. Rd6+
Kc5 48. Re6 Kd5 49. Rf6 Re7 50. a5 Kc5 51. b6 axb6 52. axb6 Kd4 53. Ke2 Ke4 54.
Rf8 Rb7 55. Rf6 Kd4 56. Kf3 Kd5 57. Ke2 Ke4 58. Kf2 Rh7 59. Rf8 Rb7 60. Rf6 Kd5
61. Kf3 Rg7 62. Rf8 Rg3+ 63. Kf2 Rb3 64. Rf6 Ke4 65. Ke2 Rb2+ 66. Kf1 Ke3 67.
Rf5 e4 {White resigns} 0-1

[Event "Team 45 45 League T54"]
[Site "Internet Chess Club"]
[Date "2012.08.20"]
[Round "1"]
[White "Whalen"]
[Black "chess-fan"]
[Result "1-0"]
[WhiteElo "1675"]
[BlackElo "1731"]
[Opening "Grünfeld with Bf4 & e3"]
[ECO "D93"]
[Time "14:00:29"]
[TimeControl "2700+45"]

1. d4 Nf6 2. c4 g6 3. Nc3 d5 4. Nf3 Bg7 5. Bf4 O-O 6. e3 Nc6 7. cxd5 Nxd5 8.
Nxd5 Qxd5 9. Bxc7 Bg4 10. Be2 Rac8 11. Bf4 Bxf3 12. Bxf3 Qa5+ 13. Qd2 Qxd2+ 14.
Kxd2 Rfd8 15. Ke2 b6 16. Rac1 Nb4 17. a3 Rxc1 18. Rxc1 Nd5 19. Bxd5 Rxd5 20.
Rc8+ Bf8 21. Bh6 {Black resigns} 1-0

[Event "Team 45 45 League T54"]
[Site "Internet Chess Club"]
[Date "2012.08.17"]
[Round "1"]
[White "ilovechess"]
[Black "ElmerHo"]
[Result "0-1"]
[WhiteElo "1476"]
[BlackElo "1504"]
[Opening "Ruy Lopez: Berlin defense, open variation"]
[ECO "C67"]
[Time "21:03:09"]
[TimeControl "2700+45"]

1. e4 e5 2. Nf3 Nc6 3. Bb5 Nf6 4. O-O Nxe4 5. Re1 Nd6 6. Bxc6 dxc6 7. Nxe5 Be7
8. Qe2 Be6 9. b3 O-O 10. Bb2 Bf6 11. Nc3 Re8 12. Qf3 Qe7 13. Qg3 Nf5 14. Qd3
Rad8 15. Qh3 Rxd2 16. Ne4 Rxc2 17. Nxf6+ Qxf6 18. Rab1 Rd8 19. Nxc6 Rxb2 20.
Rxb2 bxc6 21. Rbb1 h6 22. Rbd1 Rxd1 23. Rxd1 Nd6 24. Qd3 Bd5 25. h3 Qf5 26. Qa6
Qe4 27. f3 Qe3+ 28. Kh1 Bxf3 29. Rxd6 Qc1+ 30. Kh2 Qf4+ 31. Kh1 Bxg2+ 32. Kxg2
Qxd6 33. Qxa7 g6 34. Qa8+ Kg7 35. Qa7 g5 36. Qf2 Qd5+ 37. Qf3 Kf8 38. Qxd5 cxd5
39. Kf2 Ke8 40. Ke3 c5 41. a4 Kd7 42. Kd3 Kc6 43. Ke3 Kb6 44. Kd3 Ka5 45. Kc3 f5
46. Kd3 h5 47. Ke3 c4 48. bxc4 dxc4 49. Kd4 Kxa4 50. Kxc4 g4 51. hxg4 fxg4 52.
Kd3 g3 53. Ke2 h4 54. Kf3 Kb4 55. Kg2 Kc4 56. Kf3 Kd4 57. Ke2 Ke4 58. Kf1 Kf3
59. Kg1 g2 60. Kh2 Kf2 61. Kh3 g1=Q 62. Kxh4 Qg3+ 63. Kh5 Kf3 64. Kh6 Kf4 65.
Kh7 Qg5 66. Kh8 Qe7 67. Kg8 Kf5 68. Kh8 Kg6 69. Kg8 Qe8# {White checkmated} 0-1

[Event "Team 45 45 League T54"]
[Site "Internet Chess Club"]
[Date "2012.08.20"]
[Round "1"]
[White "Nathan-L"]
[Black "cys456"]
[Result "0-1"]
[WhiteElo "1699"]
[BlackElo "1838"]
[Opening "Nimzo-Indian: Leningrad variation"]
[ECO "E30"]
[Time "18:06:57"]
[TimeControl "2700+45"]

1. d4 Nf6 2. c4 e6 3. Nc3 Bb4 4. Bg5 h6 5. Bxf6 Qxf6 6. e3 b6 7. a3 Bxc3+ 8.
bxc3 Bb7 9. Nf3 d6 10. Be2 Nd7 11. Qc2 e5 12. Rb1 O-O 13. d5 Nc5 14. Nd2 c6 15.
e4 Qg5 16. O-O f5 17. exf5 Qxf5 18. Qxf5 Rxf5 19. dxc6 Bxc6 20. Nb3 Be4 21. Rb2
Na4 22. Rd2 Nxc3 23. Bd3 Rd8 24. f3 Bxd3 25. Rxd3 Ne2+ 26. Kf2 Nf4 27. Rd2 Kf7
28. c5 d5 29. c6 Ke6 30. g3 Ng6 31. c7 Rc8 32. Rc2 Kd6 33. Rfc1 Ne7 34. Ke3 g5
35. a4 a5 36. Nd2 Kd7 37. Nb1 Rcf8 38. Na3 Rxf3+ 39. Ke2 Rxa3 40. c8=Q+ Rxc8 41.
Rxc8 Nxc8 42. Rd1 Kd6 43. Rc1 Ne7 44. Rb1 Kc5 45. Rc1+ Kd6 46. Rb1 Rxa4 47.
Rxb6+ Nc6 48. Kf3 Rb4 49. Ra6 a4 50. Kg2 d4 51. Kf3 Kd5 52. Ra8 e4+ 53. Kg2 d3
54. Ra6 d2 {White resigns} 0-1

[Event "Team 45 45 League T54"]
[Site "Internet Chess Club"]
[Date "2012.08.21"]
[Round "1"]
[White "ausya"]
[Black "mongmong"]
[Result "1-0"]
[WhiteElo "1602"]
[BlackElo "1645"]
[Opening "French: exchange variation"]
[ECO "C01"]
[Time "19:03:54"]
[TimeControl "2700+45"]

1. e4 e6 2. d4 d5 3. exd5 exd5 4. c4 Be6 5. Nd2 Nf6 6. Ngf3 Be7 7. Qb3 Qc8 8.
Bd3 O-O 9. O-O Nbd7 10. Re1 Re8 11. Qc2 h6 12. a3 c6 13. b4 a6 14. h3 b5 15. c5
Nf8 16. Nb3 Bxh3 17. gxh3 Qxh3 18. Ne5 Bd8 19. Bf5 Qh4 20. Kg2 Nh5 21. Rh1 Nf4+
22. Bxf4 Qxf4 23. Rh3 Ne6 24. Rf3 Qg5+ 25. Rg3 Nf4+ 26. Kg1 Qf6 27. Bh7+ Kh8 28.
Re1 Bc7 29. Qf5 Bxe5 30. dxe5 Qxf5 31. Bxf5 g6 32. Bd7 Re7 33. Bxc6 Rd8 34. Rf3
g5 35. Nd4 f6 36. e6 Rc8 37. Bd7 Rc7 38. c6 h5 39. Nf5 Rxe6 40. Bxe6 Rxc6 41.
Nd4 Rc4 42. Rd1 Rxd4 43. Rxd4 Ne2+ 44. Kf1 Nxd4 45. Rxf6 Kg7 46. Rf7+ Kg6 47.
Bxd5 Nc2 48. Rf3 Nd4 49. Rd3 Nc2 50. Bb7 Kf5 51. Bxa6 Ke4 52. Bxb5 Nd4 53. Bc4
Ke5 54. b5 {Black resigns} 1-0